 Dungeon Crawl Stone Soup version 0.31-a0-1620-gcbf77bbcfc (webtiles) character file.

Game seed: 7703856490245703268

306 Inarius the Chopper (level 6, -5/38 (43) HPs)
             Began as an Octopode Fighter on Jan 11, 2024.
             Slain by a wight
             ... wielding a +3 war axe of freezing
              (14 damage)
             ... on level 5 of the Dungeon.
             The game lasted 00:02:47 (3331 turns).

Inarius the Chopper (Octopode Fighter)              Turns: 3331, Time: 00:02:49

HP:   -5/38 (43)    AC:  1    Str: 18    XL:     6   Next: 39%
MP:   6/6           EV: 13    Int: 10    God:
Gold: 187           SH:  4    Dex: 11    Spells: 5/5 levels left

rFire   . . .        a - +0 war axe
rCold   . . .        b - +0 buckler
rNeg    . . .        (helmet restricted)
rPois   .            (no amulet)
rElec   .            t - ring of flight
rCorr   .            (no ring)
SInv    .            (no ring)
Will    .....        (no ring)
Stlth   +++          (no ring)
HPRegen 0.26/turn    (no ring)
MPRegen 0.10/turn    (no ring)
                     (no ring)

%: no passive effects
@: flying, heavily drained
A: almost no armour, amphibious, 8 rings, camouflage 1, gelatinous body 1,
(nimble swimmer 1), tentacles
a: no special abilities


You were on level 5 of the Dungeon.
You visited 1 branch of the dungeon, and saw 5 of its levels.

You collected 187 gold pieces.

Inventory:

Hand Weapons
 a - a +0 war axe (weapon)
Armour
 b - a +0 buckler (worn)
Jewellery
 t - a ring of flight (left tentacle)
Wands
 r - a wand of iceblast (11)
Scrolls
 e - 4 scrolls of immolation
 f - 3 scrolls of identify {unknown}
 h - a scroll of brand weapon {unknown}
 i - 3 scrolls of teleportation {unknown}
 j - 2 scrolls of revelation {unknown}
 m - 4 scrolls of poison {unknown}
 o - a scroll of blinking {unknown}
 s - a scroll of silence {unknown}
Potions
 c - 2 potions of might
 d - a potion of heal wounds {unknown}
 g - a potion of curing {unknown}
 k - 2 potions of magic {unknown}
 l - a potion of attraction {unknown}
 n - a potion of ambrosia {unknown}
 p - a potion of resistance {unknown}
 q - 2 potions of lignification {unknown}


   Skills:
 + Level 3.9 Fighting
 + Level 4.4 Axes
 + Level 3.7 Dodging
 + Level 3.5 Stealth
 + Level 3.5 Shields


You had 5 spell levels left.
You didn't know any spells.
Your spell library contained the following spells:

 Spells                   Type           Power      Damage    Failure   Level
 Sculpt Simulacrum        Ice/Alch       0%         N/A       100%        6
 Malign Gateway           Summ/Tloc      0%         N/A       100%        7
 Ozocubu's Refrigeration  Ice            0%         4d7       100%        7
 Summon Horrible Things   Summ           0%         N/A       100%        8
 Polar Vortex             Ice            0%         N/A       100%        9


Dungeon Overview and Level Annotations

Branches:
Dungeon (5/15)
 Temple: D:4-7

Altars:

Shops:
D:2 =


Innate Abilities, Weirdness & Mutations

You cannot wear most types of armour.
You are amphibious.
You can wear up to eight rings at the same time.
Your skin changes colour to match your surroundings (Stealth+).
Your rubbery body absorbs attacks. (AC +1, EV +1)
((You are camouflaged when in or above water. (Stealth+)))
You have tentacles for arms and can constrict up to eight enemies at once.


Message History

Orders for allies: a - Attack new target. r - Retreat! s - Stop attacking. g - Guard the area. f - Follow me.
Anything else - Cancel.
You shout for attention!
The iguana hisses angrily.
You slash the iguana! You grab the iguana. You squeeze the iguana.
You kill the iguana!
No target in view! 3 wights come into view.
A wight is wielding a +3 war axe of freezing.
There are monsters nearby!
There are monsters nearby!
You closely miss the wight. You grab the wight. You squeeze the wight.
The wight is moderately damaged.
You constrict the wight, but do no damage.
The wight hits you with a +4 falchion!
You feel drained.
You hit the wight.
The wight is heavily damaged.
You constrict the wight, but do no damage.
The wight struggles to escape constriction.
You lose your grip on the wight.
You barely miss the wight. Your grab misses the wight.
The wight closely misses you.
You hit the wight but do no damage. You grab the wight.
You constrict the wight.
The wight hits you with a +3 war axe of freezing.
You feel drained. The wight freezes you.
You hit the wight but do no damage.
You tentacle-slap the wight, but do no damage.
The wight is lightly damaged.
You constrict the wight.
The wight struggles to escape constriction.
The wight escapes!
You barely miss the wight. Your grab misses the wight.
The wight is heavily damaged.
You closely miss the wight. The wight hits you with a +4 falchion!
You feel drained.
* * * LOW HITPOINT WARNING * * *
The wight hits you with a +3 war axe of freezing!
You die...

###....### #.##
##..... #.#
...#.### #.#
.......# # #.#
###.....
.#.#####.#####
###..#
.............#
...#
###..##.####....#
##....# #.#
####@#
#..zzz....#
#..#######.... #
..


You could see 3 wights.

Vanquished Creatures
  A howler monkey (D:4)
  2 jellies (D:4)
  3 iguanas
  4 adders
  A dart slug (D:3)
  4 ribbon worms
  6 orcs
  7 bats
  7 endoplasms
  6 giant cockroaches
  A goblin (D:3)
  8 hobgoblins
  2 jackals (D:1)
  A quokka (D:4)
  9 ball pythons
  3 frilled lizards (D:2)
  4 kobolds
  12 rats
81 creatures vanquished.

Notes
Turn   | Place    | Note
-------+----------+-------------------------------------------
     0 | D:1      | Inarius the Octopode Fighter began the quest for the Orb.
     0 | D:1      | Reached XP level 1. HP: 16/16 MP: 1/1
     1 | D:1      | Found a runed translucent door.
   114 | D:1      | Reached XP level 2. HP: 18/21 MP: 2/2
   970 | D:2      | Reached skill level 1 in Stealth
   970 | D:2      | Reached XP level 3. HP: 23/26 MP: 3/3
  1097 | D:2      | Found Ximil's Jewellery Emporium.
  1679 | D:2      | Reached XP level 4. HP: 10/31 MP: 4/4
  1974 | D:1      | Reached skill level 3 in Axes
  2228 | D:3      | Found a faded altar of an unknown god.
  2708 | D:4      | Reached XP level 5. HP: 33/36 MP: 5/5
  2794 | D:4      | Reached skill level 4 in Axes
  2883 | D:4      | Reached XP level 6. HP: 40/43 MP: 6/6
  3274 | D:5      | Entered Level 5 of the Dungeon
  3331 | D:5      | Slain by a wight

Illustrated notes

Levels and vault maps discovered:
D:1:      dpeg_arrival_caged_fury, layout_basic, serial_bayou,
          serial_bayou_lake_a, serial_bayou_pond_e, serial_bayou_lagoon_a,
          serial_bayou_pond_d
D:2:      layout_loops_corners, serial_shops, nicolae_shop_gaudy_bauble
D:3:      layout_loops_ring, hellmonk_ecumenical_altar_blasted
D:4:      layout_rooms
D:5:      layout_rooms, bloody_makhleb, minmay_temple_entry_drinking_statues,
          grunt_ministairs_6, hangedman_decor_push

Skill      XL: |  1  2  3  4  5 |
---------------+----------------+-----
Stealth        | 1 2 3 |  3.5
Axes           | 3 4 |  4.4
Fighting       | |  3.9
Dodging        | |  3.7
Shields        | |  3.5

Action                     |  1- 3 |  4- 6 || total
---------------------------+-------+-------++-------
  Melee: War axe           |    65 |    90 ||   155
         Constrict         |    16 |    27 ||    43
         Tentacles         |     7 |    18 ||    25
         Punch             |     1 |     2 ||     3
   Stab: Sleeping          |     6 |     6 ||    12
 Armour: Skin              |    22 |    35 ||    57
  Dodge: Dodged            |    48 |    47 ||    95
  Block: Buckler           |     8 |    16 ||    24

Table legend: (Time is in decaauts)
 A = Elapsed time spent in this place.
 B = Non-inter-level travel time spent in this place.
 C = Inter-level travel time spent in this place.
 D = Time resting spent in this place.
 E = Time spent auto-exploring this place.
 F = Levels seen in this place.
 G = Mean time per level.
                   A        B        C        D        E       F      G
               +--------+--------+--------+--------+--------+-----+--------+
         Total |   3391 |   3241 |    150 |    213 |   2473 |   5 |  678.2 |
       Dungeon |   3391 |   3241 |    150 |    213 |   2473 |   5 |  678.2 |
               +--------+--------+--------+--------+--------+-----+--------+

Top non-repeatable levels by time:
     D:2: 1106 daAuts
     D:1: 949 daAuts
     D:3: 652 daAuts
     D:4: 623 daAuts
     D:5: 58 daAuts
